Cogmind - Beta 16 @@@ ROGUE MODE // 2026.01.19 @ 00:19:12 Player: KingStarKing Result: Destroyed by D-53 Grenadier with Mini Grenade Launcher Performance ------------- Evolutions (1) 500 Regions Visited (4) 800 Robots Destroyed (61) 305 Value Destroyed (1397) 1397 Prototype IDs (0) 0 Alien Tech Used (0) 0 Bonus (77) 77 TOTAL SCORE: 3079 Bonus ------- High Alert Combat Kills 11 Follower Combat Kills 66 Cogmind --------- Core Integrity 0/400 Matter 227/300 Energy 99/100 System Corruption 0% Temperature Cool (0) Movement Core (350) Ox6 Location -9/Mines Parts ------- > --- POWER (1) -------- (None) > --- PROPULSION (3) --- (None) > --- UTILITY (3) ------ Large Storage Unit > --- WEAPON (2) ------- (None) > --- INVENTORY (15) --- Deuterium Engine Deuterium Engine Deuterium Engine Light Nuclear Core Improved Aluminum Leg Large Storage Unit Improved Terrain Scanner Improved Light Armor Plating Improved Light Armor Plating Shield Generator Shield Generator Particle Gun Assault Cannon Improved Grenade Launcher Peak State ------------ > --- POWER ------------ Deuterium Engine > --- PROPULSION ------- Titanium Leg Titanium Leg Titanium Leg > --- UTILITY ---------- Heat Sink Large Storage Unit Improved Light Armor Plating > --- WEAPON ----------- Makeshift Shrapnel Gun Assault Cannon > --- INVENTORY -------- Deuterium Engine Deuterium Engine Deuterium Engine Light Nuclear Core Improved Aluminum Leg Improved Aluminum Leg Large Storage Unit Improved Light Armor Plating Improved Light Armor Plating Shield Generator Shield Generator Particle Gun Assault Cannon Improved Grenade Launcher Improved Grenade Launcher [Rating: 27] Favorites ----------- Power Light Ion Engine Engine Light Ion Engine Power Core Light Nuclear Core Propulsion Improved Aluminum Leg Leg Improved Aluminum Leg Utility Large Storage Unit Device Improved Terrain Scanner Storage Large Storage Unit Protection Improved Light Armor Plating Weapon Autogun Energy Gun Medium Laser Ballistic Gun Autogun Ballistic Cannon Assault Cannon Launcher Improved Grenade Launcher Build | -11 -10 -10 -9 -9 ------- Run | Yrd Mat Min Mat Min Slots Evolved 2 | . . . 2 . Power . | . . . . . Propulsion 1 | . . . 1 . Utility 1 | . . . 1 . Weapon . | . . . . . Parts Attached 43 | 8 11 3 20 1 Power 6 | 2 . 1 3 . Engine 4 | 2 . 1 1 . Core 2 | . . . 2 . Reactor . | . . . . . Propulsion 14 | 2 7 . 5 . Treads . | . . . . . Leg 14 | 2 7 . 5 . Wheel . | . . . . . Hover . | . . . . . Flight . | . . . . . Utility 12 | 2 2 1 7 . Device 4 | 1 . 1 2 . Storage 5 | 1 2 . 2 . Processor . | . . . . . Hackware . | . . . . . Protection 3 | . . . 3 . Artifact . | . . . . . Weapon 11 | 2 2 1 5 1 Energy Gun 1 | 1 . . . . Energy Cannon . | . . . . . Ballistic Gun 5 | 1 2 1 1 . Ballistic Cannon 3 | . . . 2 1 Launcher 2 | . . . 2 . Special Weapon . | . . . . . Impact Weapon . | . . . . . Slashing Weapon . | . . . . . Piercing Weapon . | . . . . . Special Melee Weapon . | . . . . . Unidentified Prototypes . | . . . . . Parts Lost 11 | . . 1 1 9 Power 1 | . . . . 1 Propulsion 4 | . . . 1 3 Utility 3 | . . 1 . 2 Weapon 3 | . . . . 3 Highest Loss Streak 7 | . . 1 1 7 To Critical Strikes 1 | . . . 1 . Average Backups 14 | 4 13 15 14 13 Power 2 | . 2 2 3 4 Propulsion 3 | 3 4 4 2 1 Utility 4 | . 4 5 4 5 Weapon 3 | . 3 4 4 3 Tool/Special . | . . . . . Unused Backups 25 | . 6 1 10 8 Power 5 | . 1 . 1 3 Propulsion 6 | . 2 . 4 . Utility 8 | . 2 . 2 4 Weapon 6 | . 1 1 3 1 Tool/Special . | . . . . . Average Slot Usage (%) 99 | . 100 99 99 84 Engine 11 | . 14 14 8 . Core 1 | . . . 2 11 Leg 29 | . 28 28 32 30 Device 12 | . 14 13 11 2 Storage 12 | . 14 14 11 11 Protection 4 | . . . 10 9 Ballistic Gun 19 | . 26 28 8 . Ballistic Cannon 4 | . . . 11 12 Peak Build Rating 27 | 9 15 15 27 26 Average Rating 17 | 5 12 14 24 22 On Entrance 13 | . 9 15 15 26 Avg Prop Armor Cover (%) 5 | . . . . 5 Naked Turns . | . . . . . Heaviest Build 45 | 14 30 32 45 39 Greatest Support 51 | 20 26 26 51 51 Greatest Overweight (x) 6 | . 1 1 1 6 Average Overweight (x) . | . . 1 . . Largest Inventory Capacity 15 | 8 15 15 15 15 Average Capacity 14 | 7 14 15 15 15 Most Carried 15 | 7 15 15 15 14 Average Carried 14 | 5 13 15 14 13 Final Capacity 15 | 8 15 15 15 15 Final Carried 15 | 7 15 15 14 14 Class Distribution -------------------- 100% | Mutant Dominant Class ---------------- Mutant | -10/Materials Mutant | -10/Mines Mutant | -9/Materials Mutant | -9/Mines Resources | -11 -10 -10 -9 -9 ----------- Run | Yrd Mat Min Mat Min Matter Collected 1883 | 287 395 195 992 14 Remotely . | . . . . . Salvage Created 1646 | 14 487 197 911 37 Parts 122 | 3 34 11 74 . Haulers Intercepted 3 | . 1 . 2 . Recyclers Shooed . | . . . . . Parts Field Recycled . | . . . . . Retrieved Matter . | . . . . . Parts Self-Destructed . | . . . . . Prevented . | . . . . . Parts Restored . | . . . . . Kills | -11 -10 -10 -9 -9 ------- Run | Yrd Mat Min Mat Min Combat Hostiles Destroyed 63 | . 11 7 27 18 Guns 27 | . 11 7 9 . Cannons 18 | . . . 17 1 AOE 18 | . . . 1 17 Classes Destroyed 11 | 1 6 1 3 . Worker 5 | . 1 . 4 . Builder 1 | . . . 1 . Tunneler 2 | 1 1 . . . Hauler 3 | . 1 . 2 . Mechanic 1 | . . . 1 . Operator 2 | . 1 . 1 . Watcher 3 | . 2 . 1 . Swarmer 16 | . 5 3 8 . Grunt 21 | . 6 3 12 . Sentry 7 | . . . 7 . Assembled 19 | . . 1 . 18 Best Kill Streak 18 | 1 3 3 5 18 Combat Bots Only 18 | . 3 3 5 18 Max Kills in Single Turn 6 | 1 1 1 2 6 Gunslinging 1 | . . . 1 . Exploded 6 | . . . 1 6 Melee . | . . . . . Uniques/NPCs Destroyed . | . . . . . Combat | -11 -10 -10 -9 -9 -------- Run | Yrd Mat Min Mat Min Hostile Shots Fired 222 | . 51 24 97 50 Missed 60 | . 15 8 30 7 Hits 162 | . 36 16 67 43 Melee 5 | . . . . 5 Projectile 157 | . 36 16 67 38 AOE 18 | . . . . 18 Critical Strikes 4 | . . . 2 2 Part Disruptions 1 | . . . . 1 Damage Taken 2596 | . 401 161 871 1163 Core 513 | . 85 . 94 334 Absorbed by Shields . | . . . . . Regen/Repaired (Parts) 128 | . . . 128 . Core Remaining (%) 83 | 100 . 66 . . Volleys Fired 159 | 7 49 25 68 10 Largest 2 | 2 2 2 2 2 Hottest 74 | 70 70 47 74 74 Shots Fired 310 | 14 98 50 136 12 Gun 200 | 14 98 50 38 . Cannon 102 | . . . 94 8 Launcher 8 | . . . 4 4 Special . | . . . . . Kinetic 284 | 7 87 50 132 8 Thermal 18 | 7 11 . . . Explosive 8 | . . . 4 4 Electromagnetic . | . . . . . Robot Hit Streak 9 | 6 7 6 9 1 Robot Miss Streak 5 | 5 4 5 4 4 Penetration Max . | . . . . . Secondary Targets 1 | . . . 1 . Max Gunslinging Chain 1 | . . . 1 . Shots Hit Robots 170 | 7 47 29 85 2 Core Hits 120 | 3 23 13 46 35 Critical Kills . | . . . . . Critical Parts Destroyed . | . . . . . Critical Strikes 2 | . . . 2 . Blast 2 | . . . 2 . Melee Attacks . | . . . . . Impact . | . . . . . Slashing . | . . . . . Piercing . | . . . . . Sneak Attacks . | . . . . . Combat Hostiles . | . . . . . Follow-up Attacks . | . . . . . Damage Inflicted 4374 | 69 710 439 2064 1092 Guns 1745 | 69 702 437 537 . Cannons 1461 | . . . 1441 20 Explosions 1146 | . . . 74 1072 Melee . | . . . . . Ramming 22 | . 8 2 12 . Kinetic 3068 | 20 613 437 1978 20 Thermal 138 | 49 89 . . . Explosive 1146 | . . . 74 1072 Electromagnetic . | . . . . . Impact . | . . . . . Slashing . | . . . . . Piercing . | . . . . . Highest Corruption . | . . . . . Average Corruption . | . . . . . Corruption Purged . | . . . . . Corruption Blocked . | . . . . . Overload Shots . | . . . . . Overflow Damage 82 | . . . 45 37 Projectiles 45 | . . . 45 . Explosions 37 | . . . . 37 Melee . | . . . . . Knockbacks 10 | . . . 10 . Impact . | . . . . . Kinetic 7 | . . . 7 . Secondary 3 | . . . 3 . Self-Inflicted Damage 30 | . . . . 30 Shots 1 | . . . . 1 Rammed . | . . . . . Targets Rammed 6 | . 3 1 2 . Kicked 6 | . 3 1 2 . Crushed . | . . . . . Highest Temperature 191 | 110 191 22 21 25 Average Temperature 29 | 61 33 8 5 11 Received Heat Transfer 637 | . 186 57 354 40 Siege Activations . | . . . . . Martial Activations . | . . . . . Shielding Activations . | . . . . . Robots Disrupted . | . . . . . Combat Hostiles . | . . . . . Robots Corrupted . | . . . . . Combat Hostiles . | . . . . . Parts Fried . | . . . . . Impact Corruptions . | . . . . . Robots Melted . | . . . . . Combat Hostiles . | . . . . . Parts Melted . | . . . . . Heat Transferred 407 | 148 259 . . . Parts Sabotaged . | . . . . . Parts Stolen . | . . . . . Parts Stripped . | . . . . . Power Chain Reactions . | . . . . . Alert | -11 -10 -10 -9 -9 ------- Run | Yrd Mat Min Mat Min Maximum Alert Level 2 | . . . 2 . Low Security (%) 89 | 100 100 100 71 100 Level 1 10 | . . . 28 . Level 2 . | . . . . . Level 3 . | . . . . . Level 4 . | . . . . . Level 5 . | . . . . . High Security . | . . . . . Max Security . | . . . . . Peak Influence 402 | 5 160 64 402 153 Initial 150 | . . 26 11 150 Average 78 | . 62 8 137 128 Influence Increases 1493 | 5 421 155 884 28 Destroy 0b10 Robot/C 920 | . 220 120 580 . Destroy 0b10 Robot/NC 90 | 5 30 . 55 . Destroy Leader 244 | . 56 20 168 . Allied During Kill 5 | . . . 5 . Successful Hack 26 | . 21 . 5 . Disable Machine 30 | . 15 . 15 . Destroy Structure 73 | . 4 . 41 28 Lose Combat Pursuer 105 | . 75 15 15 . Influence Decreases 1445 | 5 353 194 527 366 Entered New Map 296 | . . 42 18 236 Time Decay 1038 | 5 353 142 498 40 Lost Part 110 | . . 10 10 90 Lost Ally 1 | . . . 1 . Squads Dispatched 6 | . 2 . 4 . Investigation 3 | . 1 . 2 . Extermination . | . . . . . Reinforcement 3 | . 1 . 2 . Assault . | . . . . . Garrison . | . . . . . Intercept . | . . . . . Searches Triggered . | . . . . . Construction Impeded . | . . . . . Haulers Reinforced . | . . . . . Active Scanning Responses . | . . . . . Cargo Convoy Interrupts . | . . . . . Stealth | -11 -10 -10 -9 -9 --------- Run | Yrd Mat Min Mat Min Distress Signals 8 | . 2 1 5 . Communications Jammed . | . . . . . Distress Signals . | . . . . . Times Spotted 92 | . 25 8 39 20 Peak Tracking Total 18 | . 5 3 5 18 Tactical Retreats 5 | . 3 1 1 . Traps | -11 -10 -10 -9 -9 ------- Run | Yrd Mat Min Mat Min Traps Triggered 3 | . 1 . 2 . Indirectly . | . . . . . Trap Hack Attempts . | . . . . . Triggered . | . . . . . Disarmed . | . . . . . Reprogrammed . | . . . . . Reused . | . . . . . Traps Extracted . | . . . . . Installed . | . . . . . Triggered . | . . . . . Machines | -11 -10 -10 -9 -9 ---------- Run | Yrd Mat Min Mat Min Machines Disabled 2 | . 1 . 1 . Max in Single Turn 1 | . 1 . 1 . Machines Repaired . | . . . . . Machines Dismantled . | . . . . . Machines Sabotaged . | . . . . . Overloaded Fab Kills . | . . . . . Hacking | -11 -10 -10 -9 -9 --------- Run | Yrd Mat Min Mat Min Machines Accessed 8 | . 7 . 1 . Terminals 6 | . 6 . . . Fabricators . | . . . . . Repair Stations 2 | . 1 . 1 . Recycling Units . | . . . . . Scanalyzers . | . . . . . Garrison Access . | . . . . . Total Hacks 21 | . 15 . 6 . Successful 11 | . 5 . 6 . Failed 10 | . 10 . . . Catastrophic 1 | . 1 . . . Database Lockouts . | . . . . . Manual . | . . . . . Terminals 12 | . 12 . . . Fabricators . | . . . . . Repair Stations 9 | . 3 . 6 . Recycling Units . | . . . . . Scanalyzers . | . . . . . Garrison Access . | . . . . . Terminal Hacks 4 | . 4 . . . Dispatch Records 1 | . 1 . . . Zone Layout 3 | . 3 . . . Fabricator Hacks . | . . . . . Repair Station Hacks 7 | . 1 . 6 . Scan Component 4 | . 1 . 3 . Repair 3 | . . . 3 . Recycling Unit Hacks . | . . . . . Scanalyzer . | . . . . . Garrison Access Hacks . | . . . . . Unauthorized Hacks . | . . . . . Terminals . | . . . . . Fabricators . | . . . . . Repair Stations . | . . . . . Recycling Units . | . . . . . Scanalyzers . | . . . . . Garrison Access . | . . . . . Data Cores Recovered . | . . . . . Used . | . . . . . Hacking Detections 7 | . 6 . 1 . Full Trace Events 2 | . 1 . 1 . Feedback Events . | . . . . . Feedback Blocked . | . . . . . Robot Schematics Acquired . | . . . . . Robots Built . | . . . . . Authchips . | . . . . . Time . | . . . . . Total Robot Build Rating . | . . . . . Part Schematics Acquired . | . . . . . Parts Built . | . . . . . Authchips . | . . . . . Time . | . . . . . Total Part Build Rating . | . . . . . Part Studies Acquired . | . . . . . Parts Repaired 3 | . . . 3 . Time 108 | . . . 108 . Parts Recycled . | . . . . . Recycled Matter . | . . . . . Retrieved Matter . | . . . . . Retrieved Components . | . . . . . Parts Scanalyzed . | . . . . . Part Schematics Acquired . | . . . . . Parts Damaged . | . . . . . Bothacking | -11 -10 -10 -9 -9 ------------ Run | Yrd Mat Min Mat Min Used RIF Installer . | . . . . . Robots Hacked . | . . . . . Non-combat . | . . . . . Combat . | . . . . . Robot Hacks Applied . | . . . . . Relay Couplers Released . | . . . . . Fabnet Peak Effective % . | . . . . . Robots Rewired . | . . . . . Allies Hacked . | . . . . . Hacks Repelled . | . . . . . Allies | -11 -10 -10 -9 -9 -------- Run | Yrd Mat Min Mat Min Total Allies 3 | . . 3 . . Largest Group 3 | . . 3 3 . Highest-Rated Group 40 | . . 40 40 . Highest-Rated Ally 16 | . . 16 16 . Total Orders . | . . . . . Ally Attacks 16 | . . . 16 . Total Damage 156 | . . . 156 . Kills 3 | . . . 3 . Allies Corrupted . | . . . . . Allies Melted . | . . . . . Intel | -11 -10 -10 -9 -9 ------- Run | Yrd Mat Min Mat Min Active Infowar (turns) 2549 | 10 1822 717 . . Terrain 2549 | 10 1822 717 . . Robot Analysis Total . | . . . . . Derelict Logs Recovered 1 | . . 1 . . Drone Launches . | . . . . . Drone Recoveries . | . . . . . Exploration | -11 -10 -10 -9 -9 ------------- Run | Yrd Mat Min Mat Min Turns Passed 5197 | 89 1822 1231 1956 99 Spaces Moved 2550 | 52 843 544 1071 40 Core 18 | 16 . . . 2 Treads . | . . . . . Legs 2532 | 36 843 544 1071 38 Wheels . | . . . . . Hover . | . . . . . Flight . | . . . . . Fastest Speed 50 | 50 120 190 120 130 Average Speed 160 | 98 189 190 126 186 Slowest Speed 350 | 120 190 190 200 350 Overloaded Moves . | . . . . . Propulsion Burnouts . | . . . . . Robots Hopped . | . . . . . Potential Cave-ins . | . . . . . Cave-ins Triggered . | . . . . . Exploration Rate (%) 57 | 3 95 98 81 12 Regions Visited 4 Branch Regions 2 Pre-discovered Areas 1 | . . 1 . . Known Exits Taken . | . . . . . Unknown Exits Taken 4 | 1 1 1 1 . Scrap Searched 1 | . . 1 . . Spaces Dug 14 | . . . . 14 Terrain Destroyed 97 | . . . 58 39 Melee . | . . . . . Projectile 20 | . . . 16 4 AOE 77 | . . . 42 35 Terrain Rammed . | . . . . . Walls Destroyed . | . . . . . Machines Disabled . | . . . . . Actions | -11 -10 -10 -9 -9 --------- Run | Yrd Mat Min Mat Min Total 3383 | 73 997 701 1557 55 Wait 531 | . 56 125 350 . Move 2546 | 51 842 543 1070 40 Hop . | . . . . . Pick Up 40 | 7 16 1 14 2 Fast Attach 14 | 6 . 1 7 . Attach 8 | 1 1 . 4 2 Detach 2 | . 1 . 1 . Swap 30 | 1 11 2 15 1 Drop 47 | . 18 3 26 . Fire 159 | 7 49 25 68 10 Melee . | . . . . . Ram . | . . . . . Kick 6 | . 3 1 2 . Crush . | . . . . . Escape Stasis . | . . . . . Rewire . | . . . . . Trap . | . . . . . Miscellaneous . | . . . . . Route ------- -11/Scrapyard -10/Materials (discovered 4 exits: *Mat x3 / [*Min]) -10/Mines (discovered 2 exits: *Mat x2) -9/Materials (discovered 3 exits: [*Mat x2] / [*Min]) -9/Mines History --------- Turn | Location | Event 8 | -11/Scrapyard | Discovered new exit (range 14) 90 | -11/Scrapyard | Entered Materials 308 | -10/Materials | Build established: Mutant 802 | -10/Materials | Discovered new exit (range 4) 922 | -10/Materials | Discovered new exit (range 11) 1224 | -10/Materials | Discovered new exit (range 13) 1573 | -10/Materials | Discovered new exit (range 11) 1912 | -10/Materials | Entered Mines 1937 | -10/Mines | Met a Derelict bent on vengeance 2289 | -10/Mines | Excavation squad dispatched 2289 | -10/Mines | A large section of the Mines collapsed 2668 | -10/Mines | Discovered new exit (range 8) 2685 | -10/Mines | A weapon hastily lodged in a ceiling crevice suddenly fell to the ground 2721 | -10/Mines | Learned location of Zion (-7) 2760 | -10/Mines | Received a Rocket Launcher from a helpful Derelict 2786 | -10/Mines | Discovered new exit (range 12) 3138 | -10/Mines | Assisted by bots powering up and referring to "LRC-V3" 3143 | -10/Mines | Entered Materials 3143 | -9/Materials | Accompanied by 3 allies 3143 | -9/Materials | Evolved 2 slots: Propulsion x1, Utility x1 3603 | -9/Materials | Repaired Imp. Aluminum Leg 3636 | -9/Materials | Repaired Hvy. Assault Rifle 3682 | -9/Materials | Repaired Mak. Shrapnel Gun 4247 | -9/Materials | Discovered new exit (range 16) 4904 | -9/Materials | Discovered new exit (range 12) 5026 | -9/Materials | Discovered new exit (range 15) 5099 | -9/Materials | Entered Mines 5100 | -9/Mines | Assembled infested the area 5152 | -9/Mines | Destroyed 18 combat bots 5178 | -9/Mines | Core integrity fell below 50% 5195 | -9/Mines | Core integrity fell below 20% 5198 | -9/Mines | Destroyed by D-53 Grenadier with Mini Grenade Launcher Last Messages --------------- 05131_ as-51596 destroyed. 05134_ The unstable cave ceiling collapses. 05135_ Acquired Assault Cannon. 05136_ Acquired 9 matter. 05140_ Acquired Imp. Terrain Scanner. 05147_ The unstable cave ceiling collapses. 05161_ Acquired 5 matter. 05172_ The unstable cave ceiling collapses. 05179_ Titanium Leg destroyed. 05184_ The unstable cave ceiling collapses. 05185_ Imp. Grenade Launcher destroyed. 05185_ Imp. Light Armor Plating destroyed. 05186_ The unstable cave ceiling collapses. 05190_ Titanium Leg destroyed. 05191_ The unstable cave ceiling collapses. 05192_ Assault Cannon destroyed. 05193_ The unstable cave ceiling collapses. 05194_ Titanium Leg destroyed. 05194_ Lgt. Nuclear Core destroyed. 05195_ The unstable cave ceiling collapses. Map ----- +----------------------------------------------------+ | | | | | | | | | | | | | | | | | ?????????????????????????????? | | ?????????????????????????????? | | ?????????????????????????????? | | ?????????????????????????????? | | ?????????????????????????????? | | ???????????????????#####?????? | | ???????????????##### # ####??? | | ??????????????## ##?? | | ?????????????## #?? | | ?????????????# ##? | | ???????????### #? | | ???????????# # ## | | ???????????## # # | | ??????????# # # | | ?????????# | | ???????# # < d | | ??????#" d | | ??????## @ | | ???????# # | | ? ## # | | ? # # ###### ## | | ?? ### #????## ###? | | ?? # ??# $ ????? #??? | | ?? # # ???# ###????###??? | | ??? # ??? #???????????? | | ???? ? #????# #???????????? | | ??? ?##?????# #???????????? | | ????#?????????# #???????????? | | ??????????????# #???????????? | | ??????????????# ???????????? | | ?????????????? #???????????? | | ?????????????? ????????????? | | ?????????????? ????????????? | | ?????????????? ????????????? | | ??????????????###????????????? | | ?????????????????????????????? | | ?????????????????????????????? | | ?????????????????????????????? | | ?????????????????????????????? | | ?????????????????????????????? | | ?????????????????????????????? | | ?????????????????????????????? | +----------------------------------------------------+ Best States ------------- Heat Dissipation 38 Energy Generation 14 Energy Capacity 275 Matter Stores 300 Matter Capacity 300 Sight Range 16 Terrain Scan Range 16 Terrain Scan Density 10 Armor Coverage 150 Evasion (%) 55 Item Schematics ----------------- None Robot Schematics ------------------ None Fabricated ------------ Nothing Repaired ---------- Imp. Aluminum Leg | 42% | -9/Materials Hvy. Assault Rifle | 55% | -9/Materials Mak. Shrapnel Gun | 72% | -9/Materials Studied --------- None Alien Tech Used ----------------- None Achievements -------------- Bumper Bots DATA ERROR: Steam Global Achievement% Exterminator For Emergencies Only I Have A Map? Organ Harvest Quick And Dirty Resistances Are Futile There's More Where That Came From Challenges ------------ None Game ------ Seed SixSalvageLegs Manual? 0 Play Time 00:57:36 Cumulative 23.0 hours Start 2025.10.28 @ 15:05:58 End 2026.01.19 @ 00:19:12 Sessions 3 Manual Loads 0 Difficulty Rogue Special Mode None Game No. 27 Rogue 27 Adventurer 0 Explorer 0 Win Type - Total 0 Types 0/0/0/0/0/0/0/0/0/0 Lore% 11 Gallery% 19 Achievement% 12 Wizard Run 0 Options --------- Layout 0 ASCII 0 Keyboard 0 Movement Numpad Keybinds 0 Fullscreen 2 Font 18/Smallcaps Map View 38x25 Zoom Use 80% Tactical HUD 1 Map Filters NONE Filters NONE Steam 1 RUN: 37b152f4-919e-4054-a4d7-c8cb9a05934f